General information
			
			
        
        - name: BNet
 
        - type: Ladder team game (AT/RT)
 
        - host: Battle.net
 
        - saver: BEAR_AND
 
        
map: FullScaleAssault 
        - players: 8
 
        - length: 48:34
 
        - speed: Fast
 - version: 1.22 W3XP
 - replay type:  

 
» download(499 KB)
Players
        team 1 (loser) 
              
              
» 
LH-A12THAS (
teal | 96 APM | 4607 actions | 48:12)
              
 5 Archmage 
 3 Summon Water Elemental
 2 Brilliance Aura
 4 Blood Mage 
 2 Flame Strike
 2 Banish
 3 Paladin 
 2 Holy Light
 1 Devotion Aura
 
                » actions 
                
                | Assign group hotkey | 41 |  | 
| Basic commands | 103 |  | 
| Build / train | 158 |  | 
| Enter build submenu | 39 |  | 
| Enter hero's abilities submenu | 12 |  | 
| Give item / drop item | 3 |  | 
| Remove unit from queue | 8 |  | 
| Right click | 1734 |  | 
| Select / deselect | 914 |  | 
| Select group hotkey | 1306 |  | 
| Use ability | 289 |  | 
                4607 total
 » units 
                
                | Peasant | 22 |  | 
| Footman | 12 |  | 
| Goblin Shredder | 1 |  | 
| Goblin Zeppelin | 7 |  | 
| Dragonhawk Rider | 15 |  | 
| Sorceress | 2 |  | 
| Mortar Team | 3 |  | 
| Siege Engine | 5 |  | 
                67 total
 » upgrades
                
                | Masonry | 3 |  | 
| Lumber Harvesting | 2 |  | 
| Armor | 3 |  | 
| Sorceress Training | 2 |  | 
| Cloud | 1 |  | 
| Swords | 3 |  | 
| Animal War Training | 1 |  | 
| Gunpowder | 3 |  | 
| Fragmentation Shards | 1 |  | 
| Flare | 1 |  | 
| Barrage | 1 |  | 
| Plating | 3 |  | 
                24 total
 » buildings
                
                | Altar of Kings | 1 |  | 
| Farm | 13 |  | 
| Barracks | 1 |  | 
| Scout Tower | 44 |  | 
| Lumber Mill | 1 |  | 
| Arcane Tower | 1 |  | 
| Guard Tower | 19 |  | 
| Keep | 1 |  | 
| Arcane Vault | 1 |  | 
| Town Hall | 4 |  | 
| Castle | 1 |  | 
| Arcane Sanctum | 1 |  | 
| Gryphon Aviary | 2 |  | 
| Blacksmith | 1 |  | 
| Workshop | 4 |  | 
| Cannon Tower | 1 |  | 
                96 total
 » build order
                00:17 Altar of Kings
00:29 Farm
01:04 Farm
01:12 Barracks
01:29 Farm
02:19 Scout Tower
02:21 Scout Tower
02:33 Lumber Mill
03:13 Farm
03:16 Arcane Tower
03:32 Farm
03:47 Guard Tower
03:51 Scout Tower
03:52 Scout Tower
03:53 Scout Tower
03:54 Scout Tower
04:26 Guard Tower
04:53 Keep
05:15 Arcane Vault
05:39 Town Hall
05:41 Guard Tower
06:06 Guard Tower
09:39 Castle
09:57 Scout Tower
09:57 Scout Tower
09:59 Scout Tower
10:00 Scout Tower
10:02 Scout Tower
10:04 Scout Tower
10:05 Scout Tower
10:05 Scout Tower
10:06 Scout Tower
10:46 Guard Tower
11:29 Guard Tower
11:33 Guard Tower
11:46 Town Hall
11:58 Guard Tower
12:00 Guard Tower
12:24 Guard Tower
12:29 Farm
12:32 Farm
12:33 Farm
12:33 Farm
12:35 Farm
12:35 Farm
12:36 Farm
12:38 Farm
13:20 Arcane Sanctum
13:23 Gryphon Aviary
13:28 Gryphon Aviary
13:33 Blacksmith
14:10 Scout Tower
14:12 Scout Tower
14:13 Scout Tower
14:13 Scout Tower
14:14 Scout Tower
14:16 Scout Tower
14:17 Scout Tower
14:54 Guard Tower
14:55 Guard Tower
15:10 Town Hall
15:11 Guard Tower
15:22 Scout Tower
15:46 Guard Tower
16:35 Guard Tower
22:26 Scout Tower
22:27 Scout Tower
22:27 Scout Tower
22:28 Scout Tower
22:28 Scout Tower
22:29 Scout Tower
22:29 Scout Tower
22:29 Scout Tower
22:30 Scout Tower
22:31 Scout Tower
22:34 Scout Tower
22:34 Scout Tower
22:36 Scout Tower
22:36 Scout Tower
22:37 Scout Tower
22:38 Scout Tower
22:39 Scout Tower
22:39 Scout Tower
22:40 Scout Tower
22:40 Scout Tower
23:45 Workshop
23:45 Workshop
23:46 Workshop
23:47 Workshop
23:50 Guard Tower
23:53 Guard Tower
25:12 Guard Tower
25:59 Town Hall
26:02 Guard Tower
26:24 Cannon Tower
» items
                
                | Scroll of Regeneration | 4 |  | 
| Periapt of Vitality | 2 |  | 
| Boots of Speed | 1 |  | 
| Potion of Lesser Invulnerability | 1 |  | 
| Scroll of Healing | 2 |  | 
| Scroll of Protection | 2 |  | 
| Scroll of Town Portal | 4 |  | 
| Lesser Clarity Potion | 2 |  | 
| Potion of Healing | 1 |  | 
| Staff of Sanctuary | 1 |  | 
                20 total
  
               
              
              
MarioSven (
pink | 118 APM | 5711 actions | 48:33)
              
 6 Demon Hunter 
 3 Evasion
 2 Mana Burn
 1 Metamorphosis
 4 Pandaren Brewmaster 
 2 Breath of Fire
 2 Drunken Haze
 
                » actions 
                
                | Assign group hotkey | 31 |  | 
| Basic commands | 2 |  | 
| Build / train | 92 |  | 
| Enter build submenu | 43 |  | 
| Enter hero's abilities submenu | 10 |  | 
| Give item / drop item | 4 |  | 
| Right click | 2433 |  | 
| Select / deselect | 521 |  | 
| Select group hotkey | 2470 |  | 
| Use ability | 104 |  | 
                5711 total
 » units 
                
                | Wisp | 28 |  | 
| Hippogryph | 10 |  | 
| Chimaera | 22 |  | 
                60 total
 » upgrades
                
                | Corrosive Breath | 1 |  | 
| Nature's Blessing | 1 |  | 
| Strength of the Wild | 3 |  | 
| Well Spring | 1 |  | 
| Reinforced Hides | 3 |  | 
| Ultravision | 1 |  | 
                10 total
 » buildings
                
                | Altar of Elders | 1 |  | 
| Moon Well | 8 |  | 
| Tree of Ages | 2 |  | 
| Ancient of Wonders | 3 |  | 
| Ancient of Wind | 2 |  | 
| Tree of Eternity | 1 |  | 
| Tree of Life | 1 |  | 
| Hunter's Hall | 1 |  | 
| Chimaera Roost | 2 |  | 
| Ancient Protector | 12 |  | 
                33 total
 » build order
                00:11 Altar of Elders
00:19 Moon Well
01:53 Moon Well
01:56 Tree of Ages
02:31 Moon Well
03:18 Ancient of Wonders
03:25 Ancient of Wonders
04:23 Ancient of Wind
04:27 Ancient of Wind
04:40 Ancient of Wonders
05:20 Moon Well
05:49 Tree of Eternity
07:01 Moon Well
07:20 Tree of Life
07:46 Hunter's Hall
09:08 Chimaera Roost
09:10 Chimaera Roost
13:18 Ancient Protector
13:22 Ancient Protector
13:29 Ancient Protector
13:30 Ancient Protector
13:33 Ancient Protector
14:26 Moon Well
14:26 Moon Well
14:38 Ancient Protector
14:40 Ancient Protector
15:11 Ancient Protector
15:24 Ancient Protector
15:24 Ancient Protector
16:07 Ancient Protector
16:14 Moon Well
22:05 Ancient Protector
» items
                
                | Boots of Speed | 1 |  | 
| Orb of Venom | 1 |  | 
| Orb of Fire | 1 |  | 
| Scroll of Town Portal | 1 |  | 
                4 total
  
               
              
              
» 
MuFFiNMcNaStY (
green | 71 APM | 3460 actions | 48:24)
              
 6 Mountain King 
 3 Storm Bolt
 3 Bash
 3 Paladin 
 2 Holy Light
 1 Divine Shield
 
                » actions 
                
                | Assign group hotkey | 54 |  | 
| Basic commands | 18 |  | 
| Build / train | 133 |  | 
| ESC pressed | 6 |  | 
| Enter build submenu | 58 |  | 
| Enter hero's abilities submenu | 9 |  | 
| Give item / drop item | 10 |  | 
| Remove unit from queue | 1 |  | 
| Right click | 1275 |  | 
| Select / deselect | 777 |  | 
| Select group hotkey | 837 |  | 
| Use ability | 281 |  | 
                3460 total
 » units 
                
                | Peasant | 33 |  | 
| Footman | 6 |  | 
| Gryphon Rider | 13 |  | 
| Goblin Zeppelin | 1 |  | 
                53 total
 » upgrades
                
                | Lumber Harvesting | 2 |  | 
| Swords | 3 |  | 
| Animal War Training | 1 |  | 
| Cloud | 1 |  | 
| Storm Hammers | 1 |  | 
| Armor | 2 |  | 
| Masonry | 3 |  | 
                13 total
 » buildings
                
                | Altar of Kings | 1 |  | 
| Farm | 11 |  | 
| Barracks | 1 |  | 
| Lumber Mill | 2 |  | 
| Scout Tower | 27 |  | 
| Guard Tower | 20 |  | 
| Keep | 1 |  | 
| Arcane Vault | 1 |  | 
| Arcane Tower | 6 |  | 
| Castle | 2 |  | 
| Blacksmith | 2 |  | 
| Town Hall | 1 |  | 
| Gryphon Aviary | 3 |  | 
                78 total
 » build order
                00:23 Altar of Kings
00:41 Farm
00:55 Barracks
01:18 Farm
01:29 Lumber Mill
01:31 Lumber Mill
01:59 Scout Tower
02:01 Farm
02:39 Guard Tower
03:29 Keep
03:54 Farm
03:57 Arcane Vault
04:53 Scout Tower
05:07 Farm
05:21 Arcane Tower
06:23 Castle
06:52 Blacksmith
07:33 Town Hall
07:34 Scout Tower
07:35 Scout Tower
07:47 Blacksmith
07:49 Gryphon Aviary
07:51 Gryphon Aviary
07:54 Guard Tower
08:02 Guard Tower
11:18 Farm
11:21 Farm
11:43 Farm
11:46 Farm
12:58 Gryphon Aviary
13:00 Farm
14:36 Scout Tower
14:37 Scout Tower
14:58 Scout Tower
15:01 Scout Tower
16:39 Scout Tower
16:40 Scout Tower
16:43 Scout Tower
17:05 Guard Tower
17:05 Guard Tower
17:05 Guard Tower
17:11 Guard Tower
17:11 Guard Tower
17:33 Guard Tower
17:35 Scout Tower
17:37 Scout Tower
18:05 Guard Tower
18:05 Arcane Tower
18:06 Arcane Tower
18:06 Arcane Tower
18:06 Arcane Tower
18:08 Scout Tower
18:10 Scout Tower
19:03 Guard Tower
19:03 Guard Tower
19:27 Scout Tower
19:32 Scout Tower
19:36 Scout Tower
20:03 Guard Tower
20:05 Guard Tower
20:06 Guard Tower
20:07 Scout Tower
20:10 Scout Tower
20:43 Guard Tower
21:07 Farm
24:35 Scout Tower
24:37 Scout Tower
24:40 Scout Tower
25:05 Guard Tower
25:17 Guard Tower
25:18 Scout Tower
28:55 Scout Tower
28:57 Scout Tower
29:00 Scout Tower
29:32 Guard Tower
» items
                
                | Boots of Speed | 1 |  | 
| Scroll of Protection | 2 |  | 
| Scroll of Healing | 2 |  | 
| Potion of Lesser Invulnerability | 1 |  | 
| Scroll of Town Portal | 3 |  | 
| Dust of Appearance | 1 |  | 
| Scroll of Regeneration | 3 |  | 
| Lesser Clarity Potion | 9 |  | 
| Orb of Fire | 2 |  | 
| Potion of Mana | 1 |  | 
                25 total
  
               
              
              
OrkBeserk (
purple | 119 APM | 5720 actions | 48:13)
              
 5 Blademaster 
 3 Wind Walk
 2 Critical Strike
 1 Goblin Tinker 
 1 Engineering Upgrade
 
                » actions 
                
                | Assign group hotkey | 68 |  | 
| Basic commands | 13 |  | 
| Build / train | 105 |  | 
| ESC pressed | 2 |  | 
| Enter build submenu | 30 |  | 
| Enter hero's abilities submenu | 6 |  | 
| Give item / drop item | 3 |  | 
| Right click | 2133 |  | 
| Select / deselect | 1351 |  | 
| Select group hotkey | 1701 |  | 
| Use ability | 308 |  | 
                5720 total
 » units 
                
                | Peon | 14 |  | 
| Grunt | 6 |  | 
| Troll Witch Doctor | 9 |  | 
| Tauren | 10 |  | 
| Troll Batrider | 18 |  | 
| Raider | 10 |  | 
                67 total
 » upgrades
                
                | Berserker Strength | 1 |  | 
| Witch Doctor Training | 2 |  | 
| Pulverize | 2 |  | 
| Reinforced Defenses | 1 |  | 
| Ranged Weapons | 2 |  | 
| Liquid Fire | 1 |  | 
| Ensnare | 1 |  | 
| Melee Weapons | 1 |  | 
| Armor | 1 |  | 
| Pillage | 1 |  | 
                13 total
 » buildings
                
                | Altar of Storms | 1 |  | 
| Orc Burrow | 8 |  | 
| Barracks | 1 |  | 
| Voodoo Lounge | 1 |  | 
| Stronghold | 2 |  | 
| War Mill | 1 |  | 
| Spirit Lodge | 1 |  | 
| Fortress | 1 |  | 
| Watch Tower | 9 |  | 
| Tauren Totem | 1 |  | 
| Beastiary | 2 |  | 
                28 total
 » build order
                00:10 Altar of Storms
00:19 Orc Burrow
00:35 Barracks
01:20 Orc Burrow
01:57 Voodoo Lounge
02:46 Stronghold
02:46 Stronghold
04:13 Orc Burrow
04:51 War Mill
05:09 Spirit Lodge
05:32 Fortress
06:16 Orc Burrow
07:20 Watch Tower
07:21 Watch Tower
08:27 Watch Tower
08:30 Watch Tower
09:14 Tauren Totem
09:35 Watch Tower
10:27 Watch Tower
11:34 Orc Burrow
13:12 Orc Burrow
15:17 Orc Burrow
15:17 Orc Burrow
16:21 Beastiary
19:02 Watch Tower
19:03 Watch Tower
19:18 Watch Tower
22:34 Beastiary
» items
                
                | Healing Salve | 3 |  | 
| Lesser Clarity Potion | 4 |  | 
| Orb of Lightning | 1 |  | 
| Potion of Healing | 2 |  | 
| Scroll of Town Portal | 1 |  | 
| Tiny Great Hall | 1 |  | 
                12 total
  
               team 2 (winner) 
              
              
BEAR_AND (
yellow | 95 APM | 4625 actions | 48:34)
              
 9 Archmage 
 3 Blizzard
 3 Brilliance Aura
 1 Mass Teleport
 2 Summon Water Elemental
 
                » actions 
                
                | Assign group hotkey | 8 |  | 
| Basic commands | 21 |  | 
| Build / train | 152 |  | 
| Enter build submenu | 118 |  | 
| Enter hero's abilities submenu | 9 |  | 
| Give item / drop item | 6 |  | 
| Right click | 2445 |  | 
| Select / deselect | 606 |  | 
| Select group hotkey | 952 |  | 
| Use ability | 305 |  | 
                4625 total
 » units 
                
                | Peasant | 15 |  | 
| Blue Dragon | 4 |  | 
| Siege Engine | 9 |  | 
| Goblin Zeppelin | 2 |  | 
                30 total
 » upgrades
                
                | Masonry | 3 |  | 
| Magic Sentry | 1 |  | 
| Gunpowder | 3 |  | 
| Plating | 3 |  | 
| Barrage | 1 |  | 
                11 total
 » buildings
                
                | Altar of Kings | 1 |  | 
| Lumber Mill | 1 |  | 
| Farm | 6 |  | 
| Scout Tower | 180 |  | 
| Arcane Tower | 5 |  | 
| Guard Tower | 76 |  | 
| Keep | 1 |  | 
| Arcane Sanctum | 1 |  | 
| Town Hall | 2 |  | 
| Gryphon Aviary | 1 |  | 
| Blacksmith | 1 |  | 
| Castle | 1 |  | 
| Workshop | 2 |  | 
| Arcane Vault | 2 |  | 
                280 total
 » build order
                00:15 Altar of Kings
00:20 Lumber Mill
00:28 Farm
00:47 Scout Tower
00:55 Farm
01:16 Arcane Tower
01:18 Scout Tower
01:21 Scout Tower
01:45 Guard Tower
01:47 Scout Tower
02:07 Guard Tower
02:17 Guard Tower
02:20 Scout Tower
02:24 Scout Tower
02:46 Guard Tower
02:46 Guard Tower
02:47 Guard Tower
02:49 Scout Tower
02:52 Scout Tower
02:53 Guard Tower
02:54 Scout Tower
03:22 Scout Tower
03:22 Scout Tower
03:24 Scout Tower
03:24 Scout Tower
03:26 Guard Tower
03:36 Scout Tower
03:59 Scout Tower
04:02 Guard Tower
04:05 Keep
04:09 Scout Tower
04:10 Scout Tower
04:15 Guard Tower
04:17 Scout Tower
04:31 Guard Tower
04:31 Scout Tower
04:38 Scout Tower
04:40 Arcane Tower
04:51 Guard Tower
04:51 Scout Tower
05:07 Guard Tower
05:10 Scout Tower
05:11 Scout Tower
05:14 Guard Tower
05:15 Scout Tower
05:16 Scout Tower
05:19 Arcane Tower
05:53 Guard Tower
06:00 Guard Tower
06:02 Scout Tower
06:02 Scout Tower
06:03 Scout Tower
06:05 Scout Tower
06:06 Scout Tower
06:06 Scout Tower
06:07 Scout Tower
06:09 Guard Tower
06:11 Scout Tower
06:12 Scout Tower
06:13 Scout Tower
06:14 Scout Tower
06:20 Scout Tower
06:21 Scout Tower
06:23 Guard Tower
06:26 Scout Tower
06:27 Scout Tower
06:27 Scout Tower
06:36 Guard Tower
06:42 Arcane Sanctum
06:56 Guard Tower
06:58 Guard Tower
06:59 Guard Tower
07:08 Scout Tower
07:09 Scout Tower
07:10 Scout Tower
07:11 Scout Tower
07:50 Scout Tower
07:51 Scout Tower
07:52 Scout Tower
07:57 Guard Tower
08:02 Scout Tower
08:04 Guard Tower
08:06 Scout Tower
08:07 Scout Tower
08:07 Scout Tower
08:08 Scout Tower
08:16 Guard Tower
08:23 Guard Tower
08:24 Guard Tower
08:24 Guard Tower
08:39 Town Hall
08:47 Scout Tower
08:48 Scout Tower
09:02 Scout Tower
09:03 Scout Tower
09:06 Scout Tower
09:06 Scout Tower
09:10 Guard Tower
09:10 Arcane Tower
09:25 Scout Tower
09:26 Scout Tower
09:35 Guard Tower
10:15 Arcane Tower
10:28 Scout Tower
10:29 Scout Tower
10:29 Scout Tower
10:31 Guard Tower
10:32 Guard Tower
10:34 Scout Tower
10:34 Scout Tower
10:36 Scout Tower
10:37 Scout Tower
10:49 Guard Tower
11:00 Guard Tower
11:29 Guard Tower
11:31 Guard Tower
11:36 Guard Tower
12:21 Guard Tower
12:23 Scout Tower
12:24 Scout Tower
12:25 Scout Tower
12:32 Scout Tower
12:33 Scout Tower
12:34 Scout Tower
13:04 Gryphon Aviary
13:12 Blacksmith
13:15 Castle
13:20 Guard Tower
13:48 Guard Tower
13:51 Scout Tower
13:51 Scout Tower
14:07 Guard Tower
14:11 Farm
14:12 Farm
14:13 Farm
14:14 Farm
14:28 Scout Tower
14:30 Scout Tower
14:34 Workshop
14:38 Workshop
14:40 Scout Tower
14:41 Scout Tower
14:41 Scout Tower
14:42 Scout Tower
14:56 Guard Tower
15:02 Scout Tower
15:03 Scout Tower
15:04 Scout Tower
15:06 Scout Tower
15:07 Scout Tower
15:08 Scout Tower
15:09 Scout Tower
16:16 Guard Tower
16:52 Scout Tower
17:08 Guard Tower
17:25 Arcane Vault
17:28 Arcane Vault
17:31 Guard Tower
17:33 Guard Tower
19:04 Guard Tower
20:14 Scout Tower
20:16 Scout Tower
20:16 Scout Tower
20:17 Scout Tower
20:50 Guard Tower
21:06 Guard Tower
21:12 Scout Tower
21:14 Scout Tower
21:15 Scout Tower
22:36 Guard Tower
22:37 Scout Tower
22:38 Scout Tower
22:38 Scout Tower
22:39 Scout Tower
22:40 Scout Tower
22:46 Guard Tower
22:47 Scout Tower
22:48 Scout Tower
22:48 Scout Tower
22:50 Scout Tower
22:50 Scout Tower
24:40 Guard Tower
25:36 Guard Tower
25:38 Town Hall
25:50 Guard Tower
26:40 Scout Tower
26:40 Scout Tower
26:41 Scout Tower
26:42 Scout Tower
26:43 Scout Tower
26:43 Scout Tower
26:44 Scout Tower
26:45 Scout Tower
27:13 Guard Tower
28:10 Guard Tower
28:15 Scout Tower
28:15 Scout Tower
28:16 Scout Tower
28:17 Scout Tower
28:17 Scout Tower
28:34 Guard Tower
28:36 Scout Tower
28:38 Scout Tower
28:39 Scout Tower
28:40 Scout Tower
28:42 Guard Tower
29:07 Guard Tower
29:13 Guard Tower
30:09 Guard Tower
32:50 Scout Tower
32:51 Scout Tower
32:52 Scout Tower
32:52 Scout Tower
32:53 Scout Tower
32:54 Scout Tower
32:54 Scout Tower
33:54 Guard Tower
34:00 Scout Tower
34:01 Scout Tower
34:22 Guard Tower
35:06 Guard Tower
35:08 Scout Tower
35:09 Scout Tower
35:10 Scout Tower
35:11 Scout Tower
35:11 Scout Tower
35:13 Scout Tower
35:13 Scout Tower
35:14 Scout Tower
35:15 Scout Tower
35:15 Scout Tower
35:16 Scout Tower
35:27 Scout Tower
35:27 Scout Tower
35:27 Scout Tower
35:28 Scout Tower
35:28 Scout Tower
35:31 Scout Tower
35:31 Scout Tower
35:32 Scout Tower
36:44 Guard Tower
37:38 Guard Tower
37:45 Guard Tower
37:54 Guard Tower
39:30 Guard Tower
39:33 Scout Tower
40:12 Guard Tower
42:29 Scout Tower
42:30 Scout Tower
42:31 Scout Tower
42:31 Scout Tower
42:32 Scout Tower
42:32 Scout Tower
42:33 Scout Tower
42:34 Scout Tower
42:35 Scout Tower
42:37 Scout Tower
42:38 Scout Tower
42:39 Scout Tower
42:39 Scout Tower
42:41 Scout Tower
43:46 Guard Tower
44:36 Guard Tower
44:55 Guard Tower
45:48 Scout Tower
45:49 Scout Tower
45:50 Scout Tower
45:50 Scout Tower
45:51 Scout Tower
45:52 Scout Tower
45:53 Scout Tower
45:54 Scout Tower
47:57 Guard Tower
47:59 Scout Tower
48:00 Scout Tower
48:01 Scout Tower
48:06 Guard Tower
» items
                
                | Boots of Speed | 1 |  | 
| Staff of Teleportation | 1 |  | 
| Healing Salve | 2 |  | 
| Staff of Sanctuary | 1 |  | 
| Potion of Invisibility | 1 |  | 
| Scroll of Town Portal | 4 |  | 
| Orb of Lightning | 1 |  | 
| Mechanical Critter | 2 |  | 
                13 total
  
               
              
              
BRAUMS (
orange | 101 APM | 4904 actions | 48:34)
              
 8 Blademaster 
 3 Wind Walk
 3 Critical Strike
 1 Bladestorm
 1 Mirror Image
 
                » actions 
                
                | Assign group hotkey | 27 |  | 
| Basic commands | 4 |  | 
| Build / train | 127 |  | 
| ESC pressed | 18 |  | 
| Enter build submenu | 21 |  | 
| Enter hero's abilities submenu | 8 |  | 
| Give item / drop item | 7 |  | 
| Right click | 2643 |  | 
| Select / deselect | 644 |  | 
| Select group hotkey | 964 |  | 
| Use ability | 441 |  | 
                4904 total
 » units 
                » upgrades
                
                | Liquid Fire | 1 |  | 
| Ranged Weapons | 3 |  | 
| Reinforced Defenses | 1 |  | 
| Armor | 1 |  | 
                6 total
 » buildings
                
                | Altar of Storms | 1 |  | 
| Orc Burrow | 5 |  | 
| War Mill | 2 |  | 
| Voodoo Lounge | 4 |  | 
| Stronghold | 1 |  | 
| Beastiary | 3 |  | 
| Fortress | 1 |  | 
| Great Hall | 1 |  | 
| Tauren Totem | 2 |  | 
                20 total
 » build order
                00:10 Altar of Storms
00:12 Orc Burrow
01:22 War Mill
02:00 Voodoo Lounge
02:34 Voodoo Lounge
03:32 Stronghold
04:04 Orc Burrow
05:02 Orc Burrow
05:59 Beastiary
06:02 Beastiary
07:34 Fortress
10:09 Great Hall
17:08 War Mill
17:59 Orc Burrow
18:32 Orc Burrow
21:04 Voodoo Lounge
22:57 Beastiary
27:04 Voodoo Lounge
46:03 Tauren Totem
46:04 Tauren Totem
» items
                
                | Healing Salve | 6 |  | 
| Lesser Clarity Potion | 5 |  | 
| Boots of Speed | 1 |  | 
| Orb of Lightning | 1 |  | 
| Staff of Teleportation | 1 |  | 
| Scroll of Town Portal | 2 |  | 
| Tiny Great Hall | 1 |  | 
| Potion of Healing | 2 |  | 
| Potion of Mana | 2 |  | 
                21 total
  
               
              
              
Iceberg-Slim (
red | 67 APM | 3232 actions | 48:34)
              
 8 Warden 
 3 Shadow Strike
 3 Blink
 1 Spirit of Vengeance
 1 Fan of Knives
 
                » actions 
                
                | Assign group hotkey | 19 |  | 
| Basic commands | 170 |  | 
| Build / train | 76 |  | 
| ESC pressed | 4 |  | 
| Enter build submenu | 23 |  | 
| Enter hero's abilities submenu | 8 |  | 
| Give item / drop item | 2 |  | 
| Remove unit from queue | 2 |  | 
| Right click | 1526 |  | 
| Select / deselect | 393 |  | 
| Select group hotkey | 716 |  | 
| Use ability | 291 |  | 
                3232 total
 » units 
                » upgrades
                
                | Nature's Blessing | 1 |  | 
| Well Spring | 1 |  | 
| Ultravision | 1 |  | 
| Corrosive Breath | 1 |  | 
| Strength of the Wild | 3 |  | 
| Reinforced Hides | 3 |  | 
                10 total
 » buildings
                
                | Altar of Elders | 1 |  | 
| Moon Well | 13 |  | 
| Ancient of Wonders | 1 |  | 
| Tree of Ages | 1 |  | 
| Tree of Eternity | 1 |  | 
| Ancient of Wind | 1 |  | 
| Tree of Life | 2 |  | 
| Chimaera Roost | 2 |  | 
| Hunter's Hall | 1 |  | 
                23 total
 » build order
                00:04 Altar of Elders
00:18 Moon Well
01:06 Moon Well
01:58 Ancient of Wonders
06:35 Tree of Ages
07:11 Moon Well
08:09 Moon Well
09:03 Tree of Eternity
09:29 Moon Well
10:03 Ancient of Wind
10:43 Tree of Life
11:29 Chimaera Roost
11:34 Chimaera Roost
11:37 Hunter's Hall
14:41 Tree of Life
14:46 Moon Well
14:47 Moon Well
14:49 Moon Well
14:58 Moon Well
16:32 Moon Well
36:57 Moon Well
36:58 Moon Well
36:58 Moon Well
» items
                
                | Boots of Speed | 1 |  | 
| Staff of Teleportation | 1 |  | 
| Orb of Venom | 1 |  | 
| Scroll of Town Portal | 1 |  | 
                4 total
  
               
              
              
TIMG4STRok (
blue | 85 APM | 4104 actions | 48:34)
              
 10 Pandaren Brewmaster 
 3 Breath of Fire
 3 Drunken Brawler
 1 Storm Earth and Fire
 3 Drunken Haze
 
                » actions 
                
                | Assign group hotkey | 19 |  | 
| Basic commands | 105 |  | 
| Build / train | 138 |  | 
| ESC pressed | 5 |  | 
| Enter build submenu | 67 |  | 
| Enter hero's abilities submenu | 11 |  | 
| Give item / drop item | 6 |  | 
| Right click | 2108 |  | 
| Select / deselect | 385 |  | 
| Select group hotkey | 853 |  | 
| Use ability | 407 |  | 
                4104 total
 » units 
                
                | Peasant | 17 |  | 
| Sorceress | 1 |  | 
| Dragonhawk Rider | 15 |  | 
| Goblin Zeppelin | 1 |  | 
                34 total
 » upgrades
                
                | Masonry | 3 |  | 
| Lumber Harvesting | 2 |  | 
| Magic Sentry | 1 |  | 
| Cloud | 1 |  | 
| Animal War Training | 1 |  | 
| Armor | 3 |  | 
| Swords | 3 |  | 
| Control Magic | 1 |  | 
| Priest Training | 1 |  | 
| Sorceress Training | 1 |  | 
                17 total
 » buildings
                
                | Lumber Mill | 1 |  | 
| Altar of Kings | 1 |  | 
| Farm | 8 |  | 
| Scout Tower | 107 |  | 
| Arcane Tower | 3 |  | 
| Guard Tower | 48 |  | 
| Keep | 1 |  | 
| Town Hall | 1 |  | 
| Arcane Sanctum | 1 |  | 
| Castle | 1 |  | 
| Gryphon Aviary | 2 |  | 
| Arcane Vault | 1 |  | 
| Blacksmith | 1 |  | 
| Barracks | 1 |  | 
                177 total
 » build order
                00:20 Lumber Mill
00:51 Altar of Kings
00:56 Farm
01:01 Scout Tower
01:24 Scout Tower
01:28 Scout Tower
01:29 Arcane Tower
02:05 Guard Tower
02:12 Guard Tower
02:12 Guard Tower
02:20 Farm
02:30 Scout Tower
02:33 Scout Tower
02:39 Scout Tower
02:44 Farm
02:47 Scout Tower
02:47 Scout Tower
03:00 Guard Tower
03:22 Guard Tower
03:23 Guard Tower
03:35 Scout Tower
03:54 Guard Tower
03:58 Scout Tower
03:59 Scout Tower
04:25 Guard Tower
04:30 Scout Tower
04:31 Scout Tower
04:31 Scout Tower
04:32 Scout Tower
04:32 Scout Tower
04:53 Guard Tower
04:55 Scout Tower
04:58 Scout Tower
04:58 Scout Tower
05:01 Scout Tower
05:02 Scout Tower
05:04 Keep
05:05 Arcane Tower
05:06 Guard Tower
05:10 Scout Tower
05:10 Scout Tower
05:32 Guard Tower
06:24 Town Hall
06:31 Guard Tower
06:33 Scout Tower
06:34 Scout Tower
06:40 Scout Tower
06:41 Scout Tower
06:42 Scout Tower
06:43 Scout Tower
06:45 Scout Tower
06:46 Scout Tower
06:59 Guard Tower
07:01 Guard Tower
07:08 Guard Tower
07:23 Guard Tower
07:25 Scout Tower
07:27 Scout Tower
07:36 Guard Tower
07:37 Scout Tower
07:38 Scout Tower
07:48 Arcane Sanctum
07:50 Castle
08:13 Scout Tower
08:13 Scout Tower
08:14 Scout Tower
08:15 Scout Tower
08:25 Guard Tower
08:26 Guard Tower
08:30 Guard Tower
08:31 Arcane Tower
08:33 Guard Tower
08:35 Scout Tower
08:36 Scout Tower
08:37 Scout Tower
08:40 Scout Tower
08:41 Scout Tower
08:42 Scout Tower
09:23 Guard Tower
09:29 Gryphon Aviary
09:30 Gryphon Aviary
09:45 Guard Tower
09:50 Farm
10:11 Guard Tower
10:33 Guard Tower
10:35 Arcane Vault
10:44 Blacksmith
10:48 Barracks
11:49 Farm
11:49 Farm
11:51 Farm
11:52 Farm
12:53 Scout Tower
12:54 Scout Tower
12:54 Scout Tower
12:55 Scout Tower
12:56 Scout Tower
12:57 Scout Tower
13:14 Scout Tower
13:15 Scout Tower
13:16 Scout Tower
13:16 Scout Tower
13:17 Scout Tower
13:17 Scout Tower
13:19 Scout Tower
13:19 Scout Tower
13:20 Scout Tower
13:21 Scout Tower
13:21 Scout Tower
13:22 Scout Tower
14:50 Guard Tower
15:54 Guard Tower
15:56 Scout Tower
15:57 Scout Tower
15:58 Scout Tower
15:58 Scout Tower
15:59 Scout Tower
15:59 Scout Tower
16:01 Scout Tower
16:01 Scout Tower
16:03 Scout Tower
16:44 Guard Tower
16:58 Guard Tower
17:07 Scout Tower
17:08 Scout Tower
17:08 Scout Tower
17:10 Scout Tower
17:10 Scout Tower
17:18 Guard Tower
17:45 Guard Tower
18:11 Guard Tower
18:28 Scout Tower
18:30 Scout Tower
18:32 Scout Tower
18:42 Guard Tower
18:44 Guard Tower
19:51 Guard Tower
19:56 Scout Tower
19:57 Scout Tower
19:57 Scout Tower
20:30 Guard Tower
20:42 Guard Tower
20:46 Scout Tower
20:47 Scout Tower
20:48 Scout Tower
20:49 Scout Tower
20:57 Scout Tower
20:57 Scout Tower
20:59 Scout Tower
21:01 Guard Tower
21:13 Scout Tower
21:14 Scout Tower
21:14 Scout Tower
21:15 Scout Tower
21:15 Scout Tower
21:16 Scout Tower
21:18 Scout Tower
21:19 Scout Tower
21:20 Scout Tower
21:22 Scout Tower
21:43 Guard Tower
21:49 Guard Tower
24:41 Guard Tower
25:06 Guard Tower
25:08 Guard Tower
25:12 Guard Tower
27:15 Scout Tower
27:16 Scout Tower
27:17 Scout Tower
27:18 Scout Tower
27:59 Guard Tower
31:18 Guard Tower
31:20 Scout Tower
31:21 Scout Tower
31:22 Scout Tower
32:46 Guard Tower
» items
                
                | Boots of Speed | 1 |  | 
| Staff of Teleportation | 4 |  | 
| Healing Salve | 2 |  | 
| Lesser Clarity Potion | 3 |  | 
| Orb of Lightning | 1 |  | 
| Potion of Mana | 2 |  | 
| Scroll of Town Portal | 6 |  | 
| Scroll of Regeneration | 1 |  | 
| Potion of Healing | 3 |  | 
                23 total
  
                Chat log
          (00:01 / All) TIMG4STRok: 1s
(00:02 / All) TIMG4STRok: pizza
(00:03 / All) TIMG4STRok: brb
(00:04 / All) BRAUMS: WHOA STOP DA GAME
(00:06 / All) TIMG4STRok: hold on
(00:35 / All) BRAUMS: gl hf
(07:39 / Allies) TIMG4STRok: gold
(07:54 / Allies) TIMG4STRok: wood
(14:50 / Allies) TIMG4STRok: wood
(15:21 / All) MuFFiNMcNaStY: have you realized your strat requires no skills?
(15:31 / All) BEAR_AND: http://highper.ch/
(15:37 / All) BEAR_AND: NICE
(15:37 / All) LH-A12THAS: fuck that hsit
(15:38 / All) BEAR_AND: PURPLE
(15:38 / All) BEAR_AND: NICE
(15:39 / All) LH-A12THAS: lol/
(15:39 / All) BEAR_AND: NICE JOB
(15:41 / All) BEAR_AND: GOOD ONE
(15:43 / All) LH-A12THAS: i hate that highperch crap
(15:53 / All) BEAR_AND: you hate that highperch crap really
(15:59 / All) BEAR_AND: expound upon your opinion
(16:00 / All) LH-A12THAS: yeahh
(16:09 / All) TIMG4STRok: welcome to UR own personal hell.....
(28:44 / All) MuFFiNMcNaStY: ya mom
(28:53 / All) BEAR_AND: http://highper.ch/    its a  me 
(28:56 / All) BEAR_AND: big boy ball busting bear and
(29:09 / All) MuFFiNMcNaStY: theync.com
(29:16 / All) BEAR_AND: bye pala
(29:19 / All) BEAR_AND: ty
(29:22 / All) BEAR_AND: for free win
(31:02 / All) BEAR_AND: no micro?
(31:05 / All) BEAR_AND: not even a lil?
(32:06 / All) BRAUMS: dam micro away idiot
(32:07 / All) BRAUMS: :!!!
(32:21 / All) BEAR_AND: what you gonna do
(32:25 / All) BEAR_AND: shitbit birdnoobs
(32:37 / All) MuFFiNMcNaStY: nice heroes?
(32:41 / All) MuFFiNMcNaStY: live long n prosper?
(32:43 / All) TIMG4STRok: my level 7 panda thanks you
(32:46 / All) MuFFiNMcNaStY: step to our side?
(32:48 / All) MuFFiNMcNaStY: pusssssssssssssssssy
(32:58 / All) BEAR_AND: now you're all noobs, that's a given
(33:00 / All) TIMG4STRok: i killed your expo like 5 times this game retard
(33:02 / All) BEAR_AND: but in what town are you noobs liven?
(33:15 / All) MuFFiNMcNaStY: good one
(33:25 / All) BRAUMS: tatical purp
(33:26 / All) BRAUMS: very
(34:31 / All) TIMG4STRok: 3 dhawk 
(34:32 / All) TIMG4STRok: damn
(36:19 / All) BRAUMS: Lol
(36:22 / All) BRAUMS: no snare
(41:15 / All) BEAR_AND: hey purp
(41:17 / All) BEAR_AND: look @ minimap
(41:21 / All) BEAR_AND: see those dots making a triangle?
(41:25 / All) BEAR_AND: bottom right?
(41:26 / All) BEAR_AND: click it
(41:28 / All) BEAR_AND: makes you faster
(41:35 / All) BRAUMS: the more you know
(41:41 / All) BEAR_AND: :)
(41:49 / All) BEAR_AND: tmyk.... highper.ch edition
(41:53 / All) BEAR_AND: please visit my website :)
(41:54 / All) MuFFiNMcNaStY: theync.com
(42:13 / All) BEAR_AND: what the Heck is theync
(42:17 / All) BEAR_AND: sounds like a shitty site
(42:24 / All) Iceberg-Slim: yup . . .
(42:30 / All) Iceberg-Slim: 님;
(42:39 / All) Iceberg-Slim: 왜 아직 있네?
(42:39 / All) BRAUMS: how much gold u guys got
(42:44 / All) Iceberg-Slim: 우린
(42:45 / All) BEAR_AND: 13k
(42:47 / All) BEAR_AND: you?
(42:47 / All) LH-A12THAS: 2kk
(42:51 / All) BRAUMS: 2kk!
(42:52 / All) Iceberg-Slim: 벌써 이겼다 ㅋㅋ ::
(42:57 / All) LH-A12THAS: yeah
(42:58 / All) LH-A12THAS: 2million
(43:01 / All) MuFFiNMcNaStY: you guys are terrible
(43:04 / All) MuFFiNMcNaStY: horrible
(43:05 / All) Iceberg-Slim: manner
(43:07 / All) MuFFiNMcNaStY: horrendus
(43:08 / All) Iceberg-Slim: manner the heck up
(44:23 / All) BEAR_AND: hey green
(44:29 / All) BEAR_AND: hey
(44:29 / All) MuFFiNMcNaStY: ya mom
(44:30 / All) BEAR_AND: hey
(44:31 / All) BEAR_AND: hey green
(44:33 / All) BEAR_AND: you lose
(44:44 / All) MuFFiNMcNaStY: that's what your mom said before i shaved her back
(44:46 / All) TIMG4STRok: MOM GET OFF THE PHONE!!!!!!!
(45:50 / All) BRAUMS: How u plan on winning
(45:52 / All) BRAUMS: i got 80 food of tauren!
(45:54 / All) BRAUMS: lol
(46:06 / All) MuFFiNMcNaStY: weer going to try out lameing you
(46:08 / All) BEAR_AND: iceborg slim is a robot
(46:12 / All) BEAR_AND: he assimilate your base
(46:51 / All) BRAUMS: Lol
(46:58 / All) BEAR_AND: lmfao
(47:00 / All) BRAUMS: gg!
(47:01 / All) BEAR_AND: look at this noob shit
(47:20 / All) BRAUMS: sweet!
(47:49 / All) BRAUMS: Dang is dat a lvl8 bm?
(47:52 / All) BEAR_AND: word
(48:09 / All) BEAR_AND: ty for free win
(48:09 / All) BRAUMS: dang did u guys l0se
(48:14 / All) BEAR_AND: more replays at http://highper.ch/
(48:21 / All) MuFFiNMcNaStY: THEYNC.COM